 Dungeon Crawl Stone Soup version 0.18.1-48-g4cf74bf (webtiles) character file.

18484 nikopol the Cleaver (level 12, -6/110 HPs)
             Began as a Minotaur Berserker on Aug 18, 2016.
             Was a High Priest of Trog.
             Mangled by Rupert
             ... wielding a +4 executioner's axe of freezing
              (8 damage)
             ... on level 4 of the Lair of Beasts.
             The game lasted 00:42:00 (13350 turns).

nikopol the Cleaver (Minotaur Berserker)           Turns: 13350, Time: 00:42:01

Health: -6/110     AC: 21    Str: 24    XL:     12   Next: 28%
Magic:  3/3        EV: 14    Int:  4    God:    Trog [*****.]
Gold:   1097       SH:  0    Dex: 16    Spells: 0 memorised, 11 levels left

rFire  . . .     SeeInvis +     a - +3 battleaxe (antimagic)
rCold  + . .     Gourm    .     I - +4 chain mail of Prudence {SInv}
rNeg   . . .     Faith    .     (shield currently unavailable)
rPois  .         Spirit   .     (helmet restricted)
rElec  .         Dismiss  .     J - +1 cloak {+Inv}
rCorr  .         Reflect  .     A - +1 pair of gloves
SustAt .         Harm     .     (no boots)
MR     .....                    (no amulet)
Stlth  ..........               u - ring of protection from cold
                                o - +3 ring of dexterity

@: lethally poisoned (-6 -> -12), exhausted, slowed, very slow, not resistant to
hostile enchantments, extremely unstealthy
A: retaliatory headbutt, horns 2
a: Berserk, Trog's Hand, Brothers in Arms, Burn Spellbooks, Renounce Religion,
Evoke Invisibility


You were on level 4 of the Lair of Beasts.
You worshipped Trog.
Trog was extremely pleased with you.
You were very hungry.

You visited 2 branches of the dungeon, and saw 13 of its levels.
You also visited: Ossuary.

You collected 1097 gold pieces.

Inventory:

Hand Weapons
 a - a +3 antimagic battleaxe (weapon)
 z - a +0 shortbow
 K - a +2 antimagic broad axe
 T - a +4 antimagic executioner's axe
Missiles
 p - 97 arrows (quivered)
Armour
 A - a +1 pair of gloves (worn)
 I - the +4 chain mail of Prudence (worn) {SInv}
   (You found it on level 7 of the Dungeon)

   It lets you see invisible.
 J - a +1 cloak of invisibility (worn)
Jewellery
 j - an uncursed ring of flight
 o - a +3 ring of dexterity (left hand)
 u - a ring of protection from cold (right hand)
 M - an uncursed amulet of guardian spirit {unknown}
 R - an uncursed ring of stealth {unknown}
Wands
 b - a wand of iceblast (5/15)
 U - a wand of slowing (32/48)
Scrolls
 d - 5 scrolls of enchant armour
 f - 5 scrolls of blinking
 g - 2 scrolls of remove curse
 i - 5 scrolls of magic mapping
 q - 2 scrolls of immolation
 r - 2 scrolls of fog
 s - 2 scrolls of identify
 y - 3 scrolls of recharging {unknown}
 B - 2 scrolls of fear {unknown}
 C - 2 scrolls of amnesia {unknown}
 H - a scroll of holy word {unknown}
 N - 3 scrolls of teleportation {unknown}
 O - a scroll of torment {unknown}
Potions
 e - a potion of beneficial mutation {unknown}
 h - 4 potions of agility
 k - 3 potions of lignification
 m - 4 potions of heal wounds
 n - 2 potions of berserk rage
 t - 3 potions of curing
 v - 2 potions of resistance {unknown}
 x - 2 potions of might {unknown}
 D - a potion of invisibility
 E - 2 potions of flight {unknown}
 F - 3 potions of degeneration {unknown}
 G - a potion of haste {unknown}
 P - a potion of brilliance {unknown}
 V - a potion of ambrosia {unknown}
Comestibles
 c - 8 bread rations
 l - 4 meat rations
 w - 4 beef jerkies
 L - 9 slices of pizza
 S - 8 fruits


   Skills:
 + Level 11.1 Fighting
 * Level 13.1 Axes
 * Level 8.5 Bows
 + Level 11.0 Armour
 + Level 10.0 Dodging


You had 11 spell levels left.
You didn't know any spells.

Dungeon Overview and Level Annotations

Branches:
Dungeon (9/15)             Temple (0/1) D:4            Lair (4/8) D:9
  Swamp: Lair:3-6    Shoals: Lair:3-6     Snake: Lair:3-6    Spider: Lair:3-6
    Orc: D:9-12

Altars:
Cheibriados
Fedhas
Kikubaaqudgha
Pakellas
Qazlal
Ru
The Shining One

Annotations:
D:6 exclusion: oklob plant
Lair:4 Harold, Rupert


Innate Abilities, Weirdness & Mutations

You reflexively headbutt those who attack you in melee.
You have a pair of horns on your head.


Message History

Harold is moderately wounded.
You feel sick.
Rupert hits you with an executioner's axe of freezing!
* * * LOW HITPOINT WARNING * * *
Harold hits you but does no damage.
The blink frog hits you but does no damage.
You hit Rupert.
Rupert's magic leaks into the air.
Rupert is severely wounded.
You slash Harold!
Harold's magic leaks into the air.
Harold is heavily wounded.
You completely miss the blink frog. You miss the blink frog.
You feel sick.
Rupert hits you with an executioner's axe of freezing.
* * * LOW HITPOINT WARNING * * *
Rupert freezes you.
* * * LOW HITPOINT WARNING * * *
The blink frog hits you but does no damage.
Harold hits you but does no damage. The blink frog completely misses you.
The blink frog blinks!
Rupert hits you with an executioner's axe of freezing!
You die...

#.#. .....P
#............. .
#......#......
?.#.............
#..F.#..........
##.....#.#.P..P.
P..#..@†......#.
....r.@@.†......
...P.P§F((..#..
####....####.#
#......
#........
#..##PP.### .P.
###.# .. ###


You could see Rupert (berserk), Harold, 2 blink frogs and a river rat.

Vanquished Creatures
  A hydra (Lair:2)
  A queen ant (Lair:3)
  Pikel (D:5)
  Joseph (D:8)
  Maurice (D:8)
  5 spiny frogs
  A black mamba (Lair:1)
  2 komodo dragons
  A two-headed ogre (D:9)
  A blink frog (Lair:4)
  A wyvern (D:8)
  A basilisk (Lair:2)
  8 hippogriffs
  A hungry ghost (D:7)
  6 yaks
  Menkaure (D:7)
  16 soldier ants (Lair:3)
  4 water moccasins
  An orc warrior (D:8)
  7 porcupines
  3 ice beasts
  2 black bears (D:8)
  4 sky beasts
  4 slaves (D:5)
  4 phantoms
  7 wolves (Lair:1)
  4 ogres
  2 centaurs
  A crocodile (Lair:1)
  Blork the orc (D:5)
  A big kobold (D:8)
  27 giant frogs
  A gnoll sergeant (D:4)
  A wyvern zombie (D:6)
  2 scorpions (D:6)
  5 wights (D:8)
  3 howler monkeys
  An electric eel (Lair:2)
  6 crimson imps
  6 gnoll shamans
  6 jellies (D:6)
  An orc priest (D:5)
  3 hounds
  3 iguanas (Lair:3)
  12 orc wizards
  3 centaur skeletons
  41 worker ants
  A hound skeleton (D:7)
  2 hound zombies
  8 mummies (Ossuary)
  A worker ant zombie (D:5)
  43 gnolls
  10 adders
  34 river rats
  A shadow imp (D:6)
  15 oozes
  An adder zombie (D:7)
  2 worms
  3 dart slugs
  2 giant geckos
  21 orcs
  A ball python (D:1)
  5 giant cockroaches
  5 goblins
  11 hobgoblins
  23 jackals
  13 kobolds
  2 quokkas
  13 bats
  5 giant newts
  A gnoll zombie (Ossuary)
  2 hobgoblin zombies (Ossuary)
  A jackal skeleton (D:4)
  2 kobold zombies (Ossuary)
  3 orc zombies (Ossuary)
  A quokka skeleton (D:9)
  8 rats
  A rat zombie (D:7)
  2 fungi (D:4)
  3 plants
461 creatures vanquished.

Vanquished Creatures (others)
  An orc wizard (D:6)
  6 fungi (D:6)
7 creatures vanquished.

Grand Total: 468 creatures vanquished

Notes
Turn   | Place    | Note
--------------------------------------------------------------
     0 | D:1      | nikopol the Minotaur Berserker began the quest for the Orb.
     0 | D:1      | Reached XP level 1. HP: 19/19 MP: 0/0
   246 | D:1      | Reached XP level 2. HP: 13/27 MP: 1/1
   272 | D:1      | Reached skill level 4 in Axes
  1121 | D:2      | Reached XP level 3. HP: 32/33 MP: 2/2
  1126 | D:2      | Reached ** piety under Trog
  1381 | D:2      | Found a glowing golden altar of the Shining One.
  1451 | D:2      | Reached XP level 4. HP: 32/40 MP: 3/3
  2307 | D:3      | Reached XP level 5. HP: 43/47 MP: 4/4
  2314 | D:3      | Reached *** piety under Trog
  2616 | D:4      | Found a staircase to the Ecumenical Temple.
  3008 | D:4      | Reached skill level 5 in Fighting
  3055 | D:4      | Reached XP level 6. HP: 56/56 MP: 5/5
  3062 | D:4      | Reached skill level 5 in Axes
  3128 | D:4      | Reached skill level 5 in Armour
  3157 | D:4      | Found a snail-covered altar of Cheibriados.
  3246 | D:4      | Found a blossoming altar of Fedhas.
  3442 | D:4      | Reached XP level 7. HP: 62/62 MP: 6/6
  3784 | D:4      | Reached **** piety under Trog
  3858 | D:4      | Reached skill level 5 in Dodging
  3877 | D:4      | Reached skill level 6 in Axes
  4030 | D:4      | Received a gift from Trog
  4311 | D:5      | Entered Level 5 of the Dungeon
  4600 | D:5      | Reached XP level 8. HP: 71/71 MP: 7/7
  4786 | D:5      | Reached skill level 7 in Axes
  4887 | D:5      | Noticed Pikel
  4889 | D:5      | Noticed Blork the orc
  4905 | D:5      | Killed Pikel
  4905 | D:5      | Reached XP level 9. HP: 67/81 MP: 8/8
  4906 | D:5      | Killed Blork the orc
  5084 | D:5      | Found an oddly glowing altar of Pakellas.
  5084 | D:5      | Noticed a brown ugly thing
  5581 | D:5      | Reached skill level 8 in Axes
  5943 | D:6      | Reached ***** piety under Trog
  6390 | D:6      | Received a gift from Trog
  6494 | D:6      | Noticed an oklob plant
  6571 | D:6      | Received a gift from Trog
  7074 | D:7      | Noticed Menkaure
  7080 | D:7      | Killed Menkaure
  7080 | D:7      | Reached skill level 9 in Axes
  7113 | D:7      | Found a sand-covered staircase.
  7125 | Ossuary  | Entered an ossuary
  7461 | D:7      | Reached XP level 10. HP: 81/91 MP: 3/9
  7577 | D:7      | Got a transparent chain mail
  7591 | D:7      | Identified the +4 chain mail of Prudence {SInv} (You found it on level 7 of the Dungeon)
  7647 | D:7      | Reached skill level 1 in Bows
  7750 | D:7      | Found an ancient bone altar of Kikubaaqudgha.
  7945 | D:8      | Reached skill level 10 in Axes
  8014 | D:8      | Noticed Maurice
  8023 | D:8      | Killed Maurice
  8026 | D:8      | Noticed Joseph
  8037 | D:8      | Killed Joseph
  8242 | D:8      | Found a sacrificial altar of Ru.
  8720 | D:9      | Reached skill level 11 in Axes
  8897 | D:9      | Found a blossoming altar of Fedhas.
  8905 | D:9      | Reached skill level 10 in Fighting
  8912 | D:9      | Found a stormy altar of Qazlal.
  8970 | D:9      | Found a staircase to the Lair.
  9148 | Lair:1   | Entered Level 1 of the Lair of Beasts
  9159 | Lair:1   | Noticed a black mamba
  9171 | Lair:1   | Killed a black mamba
  9171 | Lair:1   | Reached skill level 5 in Bows
  9171 | Lair:1   | Reached XP level 11. HP: 78/99 MP: 3/10
  9286 | Lair:1   | Received a gift from Trog
 10020 | Lair:1   | Reached skill level 10 in Armour
 10940 | Lair:2   | Noticed a seven-headed hydra
 10949 | Lair:2   | Killed a ten-headed hydra
 10949 | Lair:2   | Reached skill level 12 in Axes
 12239 | Lair:3   | Noticed a queen ant
 12251 | Lair:3   | Killed a queen ant
 12302 | Lair:3   | Received a gift from Trog
 12460 | Lair:3   | Reached XP level 12. HP: 98/108 MP: 3/11
 12583 | Lair:3   | Received a gift from Trog
 13119 | Lair:3   | Reached skill level 13 in Axes
 13323 | Lair:4   | Noticed Harold
 13335 | Lair:4   | Noticed Rupert
 13346 | Lair:4   | Reached skill level 10 in Dodging
 13350 | Lair:4   | HP: 3/110 [Rupert/executioner's axe of freezing (5)]
 13350 | Lair:4   | Mangled by Rupert

Skill      XL: |  1  2  3  4  5  6  7  8  9 10 11 12 |
---------------+-------------------------------------+-----
Axes           | 4 5 6 7 9 11 12 13 | 13.1
Armour         | 3 4 5 6 7 9 10 11 | 11.0
Fighting       | 4 5 6 8 9 10 11 | 11.1
Dodging        | 3 4 5 6 8 9 10 | 10.0
Bows           | 5 7 8 |  8.5

Action                   |  1- 3 |  4- 6 |  7- 9 | 10-12 || total
-------------------------+-------+-------+-------+-------++-------
Melee: Hand axe          |    91 |   140 |   336 |       ||   567
       Headbutt          |     6 |    37 |   117 |    85 ||   245
       Battleaxe         |       |       |    58 |   365 ||   423
 Fire: Shortbow          |       |       |       |   383 ||   383
Invok: Berserk           |       |     1 |     3 |     3 ||     7
       Trog's Hand       |       |     1 |       |       ||     1
  Use: Scroll            |       |       |     5 |     9 ||    14
 Stab: Sleeping          |     1 |       |       |       ||     1
  Eat: Chunk             |     2 |     7 |    15 |    17 ||    41
       Beef jerky        |       |       |     1 |       ||     1
       Meat ration       |       |       |       |     1 ||     1
Armor: Animal skin       |    12 |       |       |       ||    12
       Ring mail         |    16 |    30 |    29 |       ||    75
       Scale mail        |       |       |    84 |     5 ||    89
       Chain mail        |       |       |       |   265 ||   265
Dodge: Dodged            |    78 |   103 |   231 |   344 ||   756
